[Event "89_| Campeonato Brasileiro 2023"]
[Site "Recife"]
[Date "2023.12.14"]
[Round "1.1"]
[White "Supi, Luis Paulo"]
[Black "Dos Santos, Vinicius Barbosa"]
[Result "1-0"]
[ECO "B63"]
[WhiteElo "2579"]
[BlackElo "1745"]
[PlyCount "81"]
[EventDate "2023.??.??"]
[EventCountry "BRA"]
[TimeControl "90+30"]
[WhiteClock "1:23:07"]
[BlackClock "0:38:24"]

1. e4 c5 2. Nf3 d6 3. Nc3 Nc6 4. d4 cxd4 5.
Nxd4 Nf6 6. Bg5 e6 7. Qd2 Be7 8. O-O-O Bd7 ({Better is} 8... O-O $14 )
9. Ndb5 $18 {[%emt 0:00:00] B63: Sicilian: Richter-Rauzer: 7...Be7 and unusual
Black 7th moves.} Qb8 (9... O-O $142 ) 10. Nxd6+ Bxd6 11. Qxd6 {[%emt 0:
00:00] White has a decisive advantage.} Qxd6 12. Rxd6 O-O-O $146 ({Predecessor:} 12... Ke7 13. Rd2
h6 14. Bh4 g5 15. Bg3 a6 16. Bd6+ Ke8 17. Be2 b5 18. a3 Ng8 19. Rhd1 Bc8 20.
Bxb5 axb5 21. Nxb5 {1-0 (21) Saathoff,R (2053)-Surinya,T (2001) Bayern 2016})
13. Be2 h6 14. Be3 Ne8 15. Rd2 Nc7 16. Rhd1 b6 17. f3 Be8 18. Nb1 f6 19. Na3 Bf7 20. Nc4 Ne8 21. Rxd8+ Nxd8 22. a4 Nc6 23. c3 e5 24. b4 Bxc4 25. Bxc4 Kc7 26. Kc2 Nd6 27. Be2 Rd8 28. a5 Ra8 29.
axb6+ {[%emt 0:00:00][%mdl 64] [#] Overworked Piece} axb6 30.
Bxb6+ Kxb6 31. Rxd6 {[%emt 0:00:00][%mdl
4096] Endgame KRB-KRN} Ra2+ 32. Kd1 {[%emt 0:00:00] Strongly
threatening b5.} Kc7 (32... Ra1+ {[%eval 314,
29] might work better.} 33. Kc2 Ra2+ 34. Kd3 Kc7) 33. Rd2 Ra3 34. Kc2 Ra2+ 35. Kd3 Ra3 36. Kc4 Nb8 37. Rd5 Nd7 (37... Ra2
$142 38. Kd3 Nc6) 38. Ra5 {[%emt 0:00:00] White is clearly
winning.} Nb6+ 39. Kb5 Rxa5+ 40. Kxa5 Nc8 41. Kb5 {[%emt 0:00:00]
Accuracy: White = 89%, Black = 55%.} 1-0

[Event "89_| Campeonato Brasileiro 2023"]
[Site "Recife"]
[Date "2023.12.14"]
[Round "1.5"]
[White "Quintiliano Pinto, Renato Rodrigues"]
[Black "De Vasconcelos, Arthur Silva"]
[Result "1-0"]
[ECO "D70"]
[WhiteElo "2489"]
[BlackElo "1700"]
[PlyCount "49"]
[EventDate "2023.??.??"]
[EventCountry "BRA"]
[TimeControl "90+30"]

1. d4 Nf6 2. Nf3 g6 3. c4 d5 4. cxd5 Qxd5 5. Nc3 Qa5 6. Bd2 {[%emt 0:00:00] D70: Grünfeld: Unusual
White 3rd moves (met by ...d5).} c6 7. e4 Bg7 8. Bc4 {[%emt 0:00:00] White is clearly better.} O-O (8... Qd8 $16 9. e5 Nd5) 9. e5 $18 Ne8 10. Qb3 e6 $146 (10... Qb6 {[%eval 186,24] keeps fighting.} 11. Bg5 Qc7
) ({Predecessor:} 10... Qb6 11. Bg5 Qc7 12. Qa3 Be6 13. Bxe6 fxe6 14. Bxe7 Rf7
15. Bd6 Nxd6 16. exd6 Qb6 {1-0 (34) Reuter,A (1841)-Hausmann,H (1680) DESC
email 2001}) 11. h4 Qd8 (11...
Qb6 $142 12. h5 Qxb3 13. Bxb3 (13. axb3 Nc7 $16) 13... Nc7)
12. h5 Nc7 13. Ne4 Ne8 14. Nc3 Nc7 15. hxg6 fxg6 16. Ne4 Nd5 {[%emt 0:00:
30] [#]} 17. Rxh7 $3 Kxh7 18. Nfg5+ Kg8 {[%emt 0:00:30] and if ...Bh6 works, Black does fine.} 19.
Qh3 Rf5 20. Qh7+ Kf8 21. Bxd5 cxd5 22. Bb4+ Ke8 23. Qg8+ (23. Rc1 $142 Nc6 24. Qxg6+ Kd7 25. Qxg7+
Qe7 26. Bxe7 Rf7 27. Qxf7 Kc7 28. Bc5+ Bd7 29. Nxe6+ Kc8 30. Qg8+ Be8 31. Qxe8+
Nd8 32. Qxd8#) 23... Kd7 24. Nc5+ {[%emt 0:00:30][%mdl 64] [#]
Double Attack} Kc7 25. Ngxe6+ {[%emt 0:00:30] Accuracy: White
= 76%, Black = 24%.} 1-0

[Event "89_| Campeonato Brasileiro 2023"]
[Site "Recife"]
[Date "2023.12.14"]
[Round "1.6"]
[White "Da Silva, Claus Benicio"]
[Black "Di Berardino, Diego Rafael"]
[Result "0-1"]
[ECO "A34"]
[WhiteElo "1697"]
[BlackElo "2477"]
[PlyCount "50"]
[EventDate "2023.??.??"]
[EventCountry "BRA"]
[TimeControl "90+30"]
[WhiteClock "1:04:36"]
[BlackClock "1:23:40"]

1. c4 c5 2. g3 Nf6 3. Bg2 d5 4. cxd5 Nxd5 5. Nf3 Nc6 6. Nc3 Nc7 7. O-O e5 8. d3 Be7 9. b3 O-O 10. Bb2 f6 {[%emt 0:00:
00] A34: Symmetrical English: 2 Nc3, lines with ...d5.} 11. a3 Be6 12. Qc2 Rc8 {[%emt 0:00:00] Black is
better.} 13. Rac1 $146 ({Predecessor:} 13. e3 Na6 14. Rfd1 Qe8
15. Nd2 Qf7 16. Nc4 b5 17. Nxb5 Bd5 18. Nc3 Bxg2 19. Kxg2 {1-0 (33) Schoettker,
J (1785)-Deuer,M (1919) Playchess.com INT 2020}) 13... Qd7 14.
Rfd1 (14. Ne4 $17 ) 14... Nd4
$19 15. Nxd4 cxd4 16. Nb1 $2
{[%eval -365,26] [%emt 0:00:00] [#]} (16. Ne4 {[%eval -192,28] was the only
defense.}) 16... Na6 17. Qd2 Nc5 (17... Bxb3 $2 18. Rxc8 Rxc8 19. Rc1 $19) 18. Rxc5 Rxc5 {
[%emt 0:00:00] Black is clearly winning.} ({Resist} 18... Bxc5 19. b4 $19) 19.
b4 Rc7 20. Rc1 Rfc8 {
[%emt 0:00:00] [#] Threatens to win with ...Rxc1+.} 21. Qd1 b5
{[%emt 0:00:00] White must now prevent ...Rxc1.} 22. Nd2 (22. h4 $142 ) 22... Rxc1 23.
Bxc1 Qc7 24. Nb3 Qc2 25. Qxc2 Rxc2 {[%emt 0:00:00] Accuracy: White
= 22%, Black = 86%.} 0-1

[Event "89_| Campeonato Brasileiro 2023"]
[Site "Recife"]
[Date "2023.12.14"]
[Round "1.7"]
[White "Santiago, Yago De Moura"]
[Black "Silveira, Leonardo De Lima"]
[Result "1-0"]
[ECO "D90"]
[WhiteElo "2476"]
[BlackElo "1683"]
[PlyCount "19"]
[EventDate "2023.??.??"]
[EventCountry "BRA"]
[TimeControl "90+30"]
[WhiteClock "1:29:06"]

1. d4 Nf6 2. c4 g6 3. Nc3 d5 4. Nf3 Bg7 5. h4 h5 6. Bg5 {[%emt 0:00:00] D90: Grünfeld: 4
Nf3 Bg7 sidelines.} c6 7. e3 Bf5 8. Qb3 b6 $146 (8... Qb6
$16 ) ({Predecessor:} 8... O-O 9. Qxb7 Qb6 10. Qxb6 axb6 11.
Bxf6 Bxf6 12. cxd5 c5 13. dxc5 bxc5 14. Be2 Nd7 {1-0 (41) Bjelobrk,I (2396)
-Thiel,T (2238) Chess.com INT 2023}) 9. cxd5 $18 O-O 10. Be2 1-0

[Event "89_| Campeonato Brasileiro 2023"]
[Site "Recife"]
[Date "2023.12.14"]
[Round "1.8"]
[White "Dos Santos, Leonardo Lopes"]
[Black "Matsuura, Everaldo"]
[Result "0-1"]
[ECO "B40"]
[WhiteElo "1672"]
[BlackElo "2418"]
[PlyCount "22"]
[EventDate "2023.??.??"]
[EventCountry "BRA"]
[TimeControl "90+30"]
[WhiteClock "1:29:21"]
[BlackClock "1:27:28"]

1. e4 c5 2. Nf3 e6 3. Nc3 {[%emt 0:00:00] Predecessor:} Nc6 $146 4. a4
Nf6 5. Bb5 Qc7 6. O-O {B40: Sicilian: 2...e6, Unusual lines.} Nd4 7. h3 Qf4 8.
Nxd4 cxd4 9. Ne2 Qxe4 10. d3 Qh4 11. Bf4 a6 {0-1 (42) Demchenko,A (2609)
-Aronian,L (2723) Chess.com INT 2023} 0-1

[Event "89_| Campeonato Brasileiro 2023"]
[Site "Recife"]
[Date "2023.12.14"]
[Round "2.1"]
[White "Casalaspro, Mathias Andre"]
[Black "Supi, Luis Paulo"]
[Result "0-1"]
[ECO "D00"]
[WhiteElo "2054"]
[BlackElo "2579"]
[PlyCount "58"]
[EventDate "2023.??.??"]
[EventCountry "BRA"]
[TimeControl "90+30"]
[WhiteClock "0:02:05"]
[BlackClock "0:45:04"]

1. d4 Nf6 2. Nc3 d5 3. Bf4 e6 4. Nb5 Na6 5. e3 Be7 6. Nf3 {[%emt 0:00:00] D00:1 d4 d5: Unusual lines.} Nh5 7.
Be5 c6 8. Nc3 {[%emt 0:00:00] White is
slightly better.} f6 9. Nd2 $146 (9. g4 $14 ) ({Predecessor:} 9. Bg3 Qb6 10. Rb1 Bd7 11. Ne5
Nxg3 12. Nxd7 Kxd7 13. hxg3 Nc7 14. Bd3 c5 15. dxc5 Qxc5 {0-1 (38) Itkis,B 
(2312)-Eljanov,P (2695) Chess.com INT 2023}) 9... g6 $15 10.
g4 (10. Bg3 $15 ) 10... fxe5
$17 11. gxh5 exd4 12. exd4 {
[%emt 0:00:00] [#]} Qb6 (12... e5 $1 $17 13. dxe5 Nc5) 13. Nb3 {[%eval -73,24] 
[%emt 0:00:00] [#]} (13. Bxa6 $11 {[%eval -10,27] remains equal.} Qxb2 14. Bxb7
(14. hxg6 $2 Qxc3 15. g7 Rg8 $17) 14... Bxb7 15. Ne2) 13... e5 $1 $36 {[%emt 0:
00:00][%mdl 2560] Black has the initiative.} 14. dxe5 ({White should play} 14. Bxa6 $15 bxa6 15. hxg6 hxg6
16. dxe5) 14... Rf8 ({Black should try} 14...
O-O $19 15. Qd2 Nb4) 15. Qd4 (15. Qd2 $17 {[%eval -115,27] was the only defense.})
15... Nb4 $19 ({Weaker is} 15... gxh5 16. Be2 $15) 16. Qxb6 axb6 17. Bd3 Nxd3+ 18. cxd3 gxh5 19. Rc1 (19. h3 $142 ) 19... Bg5 20. Rc2 Bf5 21. Ke2 Bf4 22. Nd4 Bxe5 23. Nxf5 Rxf5 24. a3 Kf7 25. Kf1 Rf3 26. Ke2 Rh3 27. Rcc1 Re8 {[%emt 0:00:00] White must now
prevent ...Bxc3+.Black is clearly winning.} 28. Kd2 Bf4+ {
[%emt 0:00:00][%mdl 64] Skewer} 29. Kc2 Bxc1 {[%emt 0:00:00]
Accuracy: White = 39%, Black = 67%.} 0-1

[Event "89_| Campeonato Brasileiro 2023"]
[Site "Recife"]
[Date "2023.12.14"]
[Round "2.3"]
[White "Iurk, Jonel Nazareno"]
[Black "Fier, Alexandr"]
[Result "0-1"]
[ECO "D76"]
[WhiteElo "2044"]
[BlackElo "2545"]
[PlyCount "72"]
[EventDate "2023.??.??"]
[EventCountry "BRA"]
[TimeControl "90+30"]
[WhiteClock "0:01:46"]
[BlackClock "0:59:32"]

1. d4 Nf6 2. c4 g6 3. Nf3 Bg7 4. g3 d5 5. Bg2 O-O 6. cxd5 Nxd5 7. O-O Nb6 8.
Nc3 Nc6 9. e3 Re8 10. b3 e5 11. dxe5 Nxe5 12. Nxe5 Bxe5 13. Bb2 {
[%emt 0:00:00] D76: Fianchetto Grünfeld: Main Line with 7...Nb6.} (13. Qc2 {
keeps more tension.} Qe7 14. e4 Qc5 15. Bd2 a5 16. Rac1) 13... c6 14. Qxd8 Rxd8 15. Rad1 {[%emt 0:00:00]
The position is equal.} Bg4 16. f3 Be6 17. Rxd8+ Rxd8 18. Rd1 Ra8 $146 ({Predecessor:} 18... Rxd1+ 19. Nxd1
Bxb2 20. Nxb2 Nd5 21. Nd1 b5 22. Kf2 c5 23. Bf1 a6 24. e4 Nb4 {1/2-1/2 (36)
Sogaard,O (2512)-Bross,H (2559) ICCF email 2001}) 19. Rd2 a5 20. f4 $36 {[%emt 0:00:00][%mdl 2048] White fights for an
advantage.} Bg7 21. Ne4 Bxb2 22. Rxb2 Kf8 23. Nc5 Bc8 24. Kf2 Ke7 25. e4 f6 26. Bf1 a4 27. b4 a3 28. Rc2 f5 29. Bd3 fxe4 30. Bxe4 Ra7 31. Re2 {[%emt 0:02:44] [#] Threatens to win with Bxg6+.}
Kd6 32. Rd2+ Kc7 33. Rc2 Na4 34. h4 Bg4 35. b5 $2 {[%eval -244,30] [%emt 0:02:07] [#]} (35. Ke3 $11 ) 35... Kb6 36. Nxa4+ (36.
Nd3 $142 Kxb5 37. Ne5) 36... Rxa4 {[%emt 0:00:00] Accuracy:
White = 61%, Black = 81%.} 0-1

[Event "89_| Campeonato Brasileiro 2023"]
[Site "Recife"]
[Date "2023.12.14"]
[Round "2.4"]
[White "Diamant, Andre"]
[Black "Lira, Suan Bruno Fernande"]
[Result "1/2-1/2"]
[ECO "B22"]
[WhiteElo "2513"]
[BlackElo "2038"]
[PlyCount "97"]
[EventDate "2023.??.??"]
[EventCountry "BRA"]
[TimeControl "90+30"]
[WhiteClock "0:06:27"]
[BlackClock "0:01:07"]

1. e4 c6 2. c4 d5 3. exd5 cxd5 4. cxd5 Nf6 5. Nc3 Nxd5 6. Nf3 e6 7. Bc4 Nb6 8. Bb3 Nc6 9. d4 Be7 10. O-O O-O 11. Bf4 {[%emt 0:00:00] B22: Sicilian: 2 c3.} a6 12. Re1 Nb4 13. Rc1 {[%emt 0:00:00] White is better.
White is better.} N6d5 $146 ({Predecessor:} 13... Nc6 14. d5 (14. h4 $16 ) 14... exd5 15. Nxd5 Nxd5 16. Qxd5
Be6 17. Qxd8 Nxd8 18. Nd4 Bxb3 19. Rxe7 Bd5 {1-0 (44) Lysenko,M-Jalabadze,N 
(2004) Herceg Novi 2005}) ({Predecessor:} 13... Nc6 14. d5 exd5 15. Nxd5 Nxd5
16. Qxd5 Be6 17. Qxd8 Nxd8 18. Nd4 Bxb3 19. Rxe7 Bd5 {1-0 (44) Lysenko,
M-Jalabadze,N (2004) Herceg Novi 2005}) 14. Bg3 b6 15. a3 Nxc3 16. bxc3 ({Reject} 16. Rxc3 $6 {[%eval 0,29] 16.bxc3 1.26} Nd5 $11) ({Much worse is} 16.
Rxc3 $6 Nd5 $11) 16... Nd5 (16... Nc6 $16 {[%eval 125,28] was worth a try.}) 17. c4 $18 Nf6 18. c5 bxc5 19. dxc5 Qxd1 20. Rexd1 $2 ({White should play} 20. Bxd1 $16 a5 21.
Ne5) ({White has to play} 20. Bxd1 $18 a5 21. Ne5) 20... Ne4
$14 21. Bd6 Bxd6 (21... Nxd6 $14 22. cxd6 Bf6) ({Black should play} 21...
Nxd6 $14 22. cxd6 Bf6) 22. cxd6 $18 Rd8 23. Rd4 Bb7 (
23... Rb8 $16 ) 24. d7 Nf6 25. Ne5 Nd5 26. Bxd5 $2 (26. f4 $18 ) (26. f4 $18 ) 26...
Bxd5 $11 27. Rc7 Kf8 28.
Rxd5 exd5 {[%emt 0:00:08][%mdl 4096] Endgame KRR-KRN} 29. Nc6 f5 $1 30. f4 {[%emt 0:00:00] With the idea
Kf2. Black should prevent Kf2.} Kf7 31. Kf2 Ke6 {[%emt 0:02:31] [#] ...Kd6 is the strong threat.} 32. Ne5 d4 33. a4 Kd6 34. Rc6+ Kd5 {[%emt 0:00:06] [#] Hoping for ...Rxd7! White must now
prevent ...Rxd7!} 35. Rb6 Ra7 (35... g5 $5 36. g3 gxf4 37. gxf4 Ra7 $17) 36. a5 Rdxd7 37. Nxd7 Rxd7 38. Rxa6 {
[%emt 0:00:06] KR-KR} Ke4 39. g3 Rc7 {
[%emt 0:00:11] And now ...Rc2+ would win.} 40. Re6+ Kd3 41. Re2 Kc3 {[%emt 0:02:50] Strongly
threatening ...d3.} 42. Re1 {[%emt 0:00:30] aiming for Rc1+. And now Rc1+
would win.} Ra7 (42... Kc2 $5 43. Re2+ $8 Kb3 $11) 43. Re5 g6 44. Ke2 d3+ 45. Ke3 $2 {[%eval -32647,44] [%emt 0:00:23][%mdl 8192] [#]} (45. Kd1 $11 ) (45. Kd1 $11 ) 45... Rd7 $1 $19 46. Rc5+ Kb4 47. Rc1 Kxa5 $2 (47... d2 $19 48. Rd1 Kc3) (
47... d2 {[%eval -32631,41] mates} 48. Rd1 Kc3 49. Ke2 Kc2 50. Rh1 Re7+ 51. Kf2
d1=Q 52. Rxd1 Kxd1 53. g4 Kd2 54. Kg2 Ra7 55. Kf3 Rxa5 56. gxf5 gxf5 57. Kg3
Ke3 58. Kh4 Kxf4 59. Kh5 Ke3 60. Kh6 f4 61. h4 f3 62. Kg7 f2 63. Kf7 f1=Q+ 64.
Ke6 Qc4+ 65. Kd7 Ra7+ 66. Kd6 Ke4 67. h5 Qd5#) 48. Rd1 Re7+ 49. Kf3 {[%emt 0:00:40] Accuracy: White = 89%, Black = 76%. .
Accuracy: White = 83%, Black = 77%.} 1/2-1/2

[Event "89_| Campeonato Brasileiro 2023"]
[Site "Recife"]
[Date "2023.12.14"]
[Round "2.5"]
[White "Ferreira Junior, Luiz Carlos A"]
[Black "Quintiliano Pinto, Renato Rodrigues"]
[Result "0-1"]
[ECO "D36"]
[WhiteElo "2037"]
[BlackElo "2489"]
[PlyCount "69"]
[EventDate "2023.??.??"]
[EventCountry "BRA"]
[TimeControl "90+30"]
[WhiteClock "0:29:00"]
[BlackClock "0:30:51"]

1. d4 Nf6 2. Nf3 d5 3. c4 e6 4. cxd5 exd5 5. Nc3 c6 6. Bg5 Be7 7. Qc2 g6 8. e3 Bf5 9. Bd3 Bxd3 10. Qxd3 Nbd7 11. O-O O-O 12. Rab1 a5 13. a3 a4 14. Qc2 Nb6 15. Ne5 Ra7 16. Rbc1 Re8 17. Nb1 Ne4 18. Bf4 Bd6 19. Nd2 Bxe5 20. dxe5 Nxd2 21. Qxd2 Nc4 22. Qd4 Ra6 23. e4 Qb6 24. Rfd1 Nxb2 25. Rb1 Qxd4 26. Rxd4 Nc4 27. exd5 Nxa3 28. Rc1 Nb5 29. Rb4 a3 30. d6 Nc3 31. Kf1 Nd5 32. Rd4 Nxf4 33. Rxf4 a2 34. Ra1 Rxe5 35. Rb4 0-1

[Event "89_| Campeonato Brasileiro 2023"]
[Site "Recife"]
[Date "2023.12.14"]
[Round "2.6"]
[White "Di Berardino, Diego Rafael"]
[Black "De Santana, Jose Ricardo Gonca"]
[Result "1-0"]
[ECO "D35"]
[WhiteElo "2477"]
[BlackElo "2036"]
[PlyCount "71"]
[EventDate "2023.??.??"]
[EventCountry "BRA"]
[TimeControl "90+30"]
[WhiteClock "0:40:11"]
[BlackClock "0:00:32"]

1. d4 d5 2. c4 c6 3. Nf3 Nf6 4. Nc3 e6 5. cxd5 exd5 6. Bg5 Be7 7. e3 Bf5 8. Nh4 Be6 9. Bd3 h6 10. Bf4 Qc8 11. Qc2 Nh5 12. Nf3 Nd7 13.
Be5 Nhf6 14. O-O-O b5 15. h3 a5 16. g4 Nxe5 17. Nxe5 Nd7 18.
f4 Nxe5 19. dxe5 Qb7 20. Kb1 a4 21. Rhf1 d4 22. exd4 b4 23.
f5 Bxa2+ 24. Nxa2 b3 25. Qf2 bxa2+ 26. Ka1 Rb8 27. Bc4 a3 28. b3 Qb4 29. Qc2 Bg5 30. f6 gxf6 31. exf6 Kf8 32. Kxa2 Re8 33. d5 cxd5 34. Rxd5 Bxf6 35. Rxf6 Qe1 36. Rxf7+ 1-0

[Event "89_| Campeonato Brasileiro 2023"]
[Site "Recife"]
[Date "2023.12.14"]
[Round "2.7"]
[White "Urquiza, Marcello de Albuque"]
[Black "Santiago, Yago De Moura"]
[Result "0-1"]
[ECO "B19"]
[WhiteElo "2034"]
[BlackElo "2476"]
[PlyCount "54"]
[EventDate "2023.??.??"]
[EventCountry "BRA"]
[TimeControl "90+30"]
[WhiteClock "0:13:12"]
[BlackClock "1:06:43"]

1. e4 c6 2. d4 d5 3. Nc3 dxe4 4. Nxe4 Bf5 5. Ng3 Bg6 6. h4 h6 7. h5 Bh7 8. Bd3 Bxd3 9. Qxd3 Nf6 10. Bd2 e6 11. O-O-O Be7 12. Nf3 Nbd7 13. Ne4 O-O 14. Nxf6+ Nxf6 15. Qe2 Qd5 16. c4 Qe4 17. Rde1 Qxe2 18. Rxe2 Rfd8 19. g4 Nxg4 20. Rg1 f5 21. Rxe6 Bf6 22. Bc3 Re8 23. Rxe8+ Rxe8 24. d5 cxd5 25. cxd5 Rc8 26. Kb1 Rc5 27. Bd4 Rxd5 0-1

[Event "89_| Campeonato Brasileiro 2023"]
[Site "Recife"]
[Date "2023.12.14"]
[Round "2.8"]
[White "Matsuura, Everaldo"]
[Black "Santiago, Vandeck Souza"]
[Result "1-0"]
[ECO "B36"]
[WhiteElo "2418"]
[BlackElo "2029"]
[PlyCount "87"]
[EventDate "2023.??.??"]
[EventCountry "BRA"]
[TimeControl "90+30"]
[WhiteClock "1:20:25"]
[BlackClock "1:30:11"]

1. e4 c5 2. Nf3 g6 3. d4 cxd4 4. Nxd4 Nc6 5. c4 Nf6 6. Nc3 d6 7. Be2 Nxd4 8. Qxd4 Bg7 9. Be3 O-O 10. Qd2 Qa5 11. O-O Be6 12. Rab1 Rfc8 13. b3 Ng4 14. Nd5 Qxd2 15. Bxd2 Kf8 16. Bg5 f6 17. Bd2 Ne5 18. f4 Nc6 19. Bd3 Bf7 20. g4 e6 21. Ne3 a5 22. Rbc1 Nb8 23.
Nd1 Nd7 24. Nc3 Nc5 25. Bb1 h5 26. gxh5 gxh5 27. Be3 Bh6 28.
Rcd1 Ke7 29. Nb5 Ra6 30. Kf2 e5 31. Nxd6 Rxd6 32. Rxd6 Kxd6 33. fxe5+ fxe5 34. Rd1+ Ke7 35. Bxh6 Rg8 36. h4 Rg4 37. Bg5+ Ke6 38. Rd5 Nxe4+ 39. Bxe4 Rxe4 40. Rb5 Be8 41. Rxb7 Bc6 42. Ra7 Kf5 43. Rh7 Be8 44. Kf3 1-0

[Event "89_| Campeonato Brasileiro 2023"]
[Site "Recife"]
[Date "2023.12.14"]
[Round "3.2"]
[White "Marra, Eduardo da Costa"]
[Black "Mekhitarian, Krikor Sevag"]
[Result "1/2-1/2"]
[ECO "B81"]
[WhiteElo "2170"]
[BlackElo "2559"]
[PlyCount "73"]
[EventDate "2023.??.??"]
[EventCountry "BRA"]
[TimeControl "90+30"]
[WhiteClock "0:08:59"]
[BlackClock "0:02:33"]

1. e4 c5 2. Nf3 d6 3. d4 cxd4 4. Nxd4 Nf6 5. Nc3 a6 6. h3 e6 7. g4 Nfd7 {[%emt 0:00:00] B81: Sicilian Scheveningen: Keres Attack.}
8. Bg2 (8. Be3 {looks sharper.} b5 9. a3 Bb7 10. Qd2 Be7 11.
g5) 8... Nc6 9. Nxc6 bxc6 10. b3 $146 ({Predecessor:} 10. Be3 Be7 11. O-O O-O 12. f4 Rb8
13. Na4 c5 14. c4 Nb6 15. Nxb6 Qxb6 16. b3 {0-1 (30) Mompel Ferruz,X (2096)
-Janukshan,B (1605) Batumi 2022}) 10... Be7 11. Bb2 e5 12. g5 (12. Qd2 $11 ) 12... Nc5 13. h4 h6 14. gxh6 Rxh6 15. h5 a5 16. a4 Ne6 17. Ne2 Ba6 18. Ng3 Nf4 (18... d5 $15 ) 19. Bf1 $11 Bxf1 20. Kxf1 g6 21. Qf3 Qd7 22. Rd1 {[%emt 0:00:00]
Threatens to win with Bxe5!} Qe6 {[%emt 0:00:00] [#]} 23. Bc1 $1 Bg5 (23... Qf6 $16 ) 24.
Ne2 $2 ({Better is} 24. hxg6 $18 fxg6 25. Bxf4 Bxf4 26. Rxh6 Bxh6 {[#]} 27. Nf5 $1 gxf5 28. exf5
{[%mdl 64] Discovered Attack}) 24... Rxh5 {[%emt 0:00:00] The position is
equal.} 25. Nxf4 (25. Bxf4 {feels hotter.} Bxf4 26. Rxh5 gxh5
27. Rd3 O-O-O 28. Qxh5 Qg6 29. Rh3) 25... Bxf4 26. Rxh5 gxh5 27. Bxf4 exf4 28. Qxf4 {[%emt 0:00:00][%mdl 4096] Endgame KQR-KQR} O-O-O 29. Rd3 d5 30. Rf3 dxe4 31. Re3 f5 32. Rg3 Rd5 33. Rg5 Qe5 34.
Qxe5 Rxe5 35. Rxh5 Rc5 36. Ke1 Rxc2 37. Rxf5 {
[%emt 0:00:03] Accuracy: White = 72%, Black = 63%.} 1/2-1/2

[Event "89_| Campeonato Brasileiro 2023"]
[Site "Recife"]
[Date "2023.12.14"]
[Round "3.3"]
[White "Fier, Alexandr"]
[Black "Tomiello, Mateus Costamilan"]
[Result "1-0"]
[ECO "B15"]
[WhiteElo "2545"]
[BlackElo "2157"]
[PlyCount "123"]
[EventDate "2023.??.??"]
[EventCountry "BRA"]
[TimeControl "90+30"]
[WhiteClock "0:17:55"]
[BlackClock "0:01:07"]

1. e4 c6 2. d4 d5 3. Nd2 dxe4 4. Nxe4 Nf6 5. Nxf6+ exf6 6. c3 Bd6 7. Bd3 O-O 8. Ne2 Re8 9. Qc2 {[%emt 0:00:00] B15: Caro-Kann: 3 Nc3:3...g6 and 3...
dxe4 4 Nxe4 Nf6 5 Nxf6+ exf6.} h5 10. Be3 Nd7 11. O-O-O {[%emt 0:00:00] White is slightly better.} Nf8 12. Kb1 Be6 13. c4 Rc8 14. Nc3 a6 (14... Bb4 $11 {[%eval 13,27] remains equal.}) 15. a3 ({Better is} 15. c5 $1 $16 Bc7 16.
Be4) 15... g6 16. Ne4 $146 ({Predecessor:} 
16. c5 Bb8 17. Be4 f5 18. d5 cxd5 19. Bxd5 Qe7 20. Bd4 Red8 21. Rhe1 Rd7 22. f3
{1/2-1/2 (31) Borrmann,L (2300)-Hofstadler,M (2090) St Veit 2022}) 16... Bf5 ({Black should try} 16... b5 $11 )
17. h3 $14 Bxe4 18. Bxe4 Qc7 19. Bd2 h4 20. Bc3 f5 21. Bf3 Ne6 22.
d5 (22. Rhe1 $1 $16 ) 22... Ng5
$11 23. dxc6 bxc6 24. Rd4 (24. Rd3 $14 ) 24... f4 (24... Nxf3 $15 25. gxf3 Be5) 25. Rhd1 Be5 $1 26. Rd7 Qb6 $2 (26... Qb8 $1 $14 ) 27. Bxe5 $18 Rxe5 28. Qd2 $2 (28. R1d6 $1 $18 Re6 29.
Bd5 $1 ) 28... Nxf3 29. gxf3 Rb8 30. b4 c5 $1 31.
Qxf4 $40 {[%emt 0:00:00][%mdl 192] Double Attack. White attacks.} Rf5 32. Qxb8+ {[%emt 0:00:00][%mdl 64] Remove Defender} Qxb8 33. Rd8+ {[%emt 0:00:00] [#]} Qxd8 $1 34. Rxd8+
$14 {[%emt 0:00:00][%mdl 4096] Endgame KR-KR} Kg7 35. Rd3 {
[%emt 0:00:00] Kc2 is the strong threat.} cxb4 $1 36. axb4 {
[%emt 0:00:00] Strongly threatening Kb2.} Rf4 37. Rc3 {
[%emt 0:00:00] Black must now prevent Ka2.} Kf6 38. Kc2 Rd4 $2 ({Black
should play} 38... Ke6 $14 ) 39. Kb3 $18 Rd2 40. b5 axb5 41. cxb5 Ke5 $2 (41... Ke6 42. Rc4 Kd7) 42. Kb4 Rxf2 43. b6 (43. Kc5 $142 ) 43... Rb2+ {
[%emt 0:00:39] [#]} 44. Kc5 $1 {[%emt 0:00:04] Hoping for Rc4.} ({And not} 44.
Rb3 Rxb3+ 45. Kxb3 Kd6 $11) 44... Kf4 {[%emt 0:00:38] [#]} 45. Rc4+ $1 Kg3 46. Rb4 Re2 $2 (46... Rd2 {[%eval 247,31] is a better defense.} 47. b7
Rd8) 47. b7 Re8 48. b8=Q+ $2 (48. Kd6 $18 ) 48... Rxb8 $14 49. Rxb8 Kxh3 {[%emt 0:00:45] KR-K3P} 50. Rh8 {[%emt 0:00:02]
Threatens to win with Kd4.} Kg3 51. Kd4 (51.
f4 $5 h3 52. Kd5 $14) 51... h3 52. Ke5 h2 $2 (52... g5 $11 ) 53.
Kf6 {[%emt 0:00:21] White mates.} Kg2 54. f4 Kg3 55. Rh6 Kxf4 56. Rxh2 {
[%emt 0:00:04] KR-KPP} g5 57. Rf2+ Kg3 58. Rf5 g4 59. Kg5 Kh3 60. Rxf7 g3 61.
Rh7+ Kg2 62. Kg4 {[%emt 0:00:02] Accuracy:
White = 66%, Black = 56%.} 1-0

[Event "89_| Campeonato Brasileiro 2023"]
[Site "Recife"]
[Date "2023.12.14"]
[Round "3.4"]
[White "Quintiliano Pinto, Renato Rodrigues"]
[Black "Gauche, Charles"]
[Result "1-0"]
[ECO "A41"]
[WhiteElo "2489"]
[BlackElo "2142"]
[PlyCount "59"]
[EventDate "2023.??.??"]
[EventCountry "BRA"]
[TimeControl "90+30"]
[WhiteClock "0:16:43"]
[BlackClock "0:08:18"]

1. d4 d6 2. c4 e5 3. Nf3 f6 4. Nc3 Bg4 $146 ({Predecessor:} 4... c6 5. d5 c5 6. e4 Bg4 7. Be2 g6 8. O-O Bh6
9. Qb3 b6 10. Ng5 Bxe2 11. Ne6 {1-0 (20) Bassenhoff,U-Werner,R freechess.de
2020}) 5. g3 Bxf3 (5... c5 $16 ) 6. exf3 $18 {[%emt 0:00:00] A41:1 d4 d6: Tartakower System
and Modern Defence.} Nc6 7. d5 Nb8 (7... Nd4 {[%eval 201,25] is a better defense.} 8. Be3
Nf5) 8. Bh3 {[%emt 0:00:00] White has a decisive advantage.} Nd7 9. O-O g6 10. f4 f5 11. fxe5 Nxe5 12. f4 Nf7 13. Re1+ Be7 14. Nb5 Qd7 15. Be3 Nf6 16. Bxa7 c6 17. Bd4 O-O 18. dxc6 bxc6 19. Nc3 d5 20. Na4 Ra5 21. cxd5 c5 (21... cxd5 $142 22. Nb6
Qd6) 22. Nb6 Qd8 23. Bc3 Ra6 24. d6 Bxd6 25. Nd5 Nxd5 26. Qxd5 Qc7 27. Bf1 Ra7 28. Bc4 Qd7 29. Rad1 Qc8 30. Qxd6 {
[%emt 0:00:00] Accuracy: White = 84%, Black = 38%.} 1-0